AoeStats
← 白纸o

Arabia

514328362Analyzed
1v1 RM · 15d ago on Oct 17, 2026· 28m 51s· 2 players
Game mode
Random Map
Map size
Tiny (2 player)
Population
200
Speed
Normal
Resources
Standard
Victory
Conquest
Starting age
Dark Age
Ending age
Imperial Age
RankedLock teamsTeams togetherTeam positionsShared explorationLock speedFull tech treeHidden civsTurbo modeCheats
Victory
Defeat
🇧🇬 Slavs · Bulgaria
1442
+16
vs
🇭🇰 Magyars · Hong Kong SAR China
1439
-16
白纸o
6:41 Loom
8:58 Feudal Age
22:24 Castle Age
20:56 Double-Bit Axe
noobyonee
4:52 Loom
10:40 Feudal Age
10:45 Man-at-Arms
12:08 Double-Bit Axe
14:10 Horse Collar
16:25 Fletching
18:51 Forging
23:47 Castle Age
23:54 Long Swordsman
27:26 Scale Mail Armor
Connection lost

Rejoining the realm…

Still unreachable

The connection could not be restored.

Session expired

The server has moved on; the page needs a fresh start.